 Dungeon Crawl Stone Soup version 0.21.1-1-g345015f (webtiles) character file.

6109 wojtek the Cleaver (level 10, -2/88 HPs)
             Began as a Minotaur Fighter on June 29, 2018.
             Was a High Priest of Okawaru.
             Killed from afar by Erica (16 damage)
             ... with an orb of energy
             ... on level 9 of the Dungeon.
             The game lasted 00:09:48 (7127 turns).

wojtek the Cleaver (Minotaur Fighter)               Turns: 7127, Time: 00:09:49

Health: -2/88      AC: 18    Str: 24    XL:     10   Next: 58%
Magic:  0/15       EV:  8    Int:  5    God:    Okawaru [*****.]
Gold:   209        SH:  0    Dex: 10    Spells: 9/9 levels left

rFire    . . .     SeeInvis .   a - +4 war axe (freeze)
rCold    . . .     Gourm    .   c - +0 shield
rNeg     . . .     Faith    .   I - +0 plate armour
rPois    +         Spirit   +   (helmet restricted)
rElec    .         Reflect  .   H - +0 cloak
rCorr    .         Harm     .   M - +2 pair of gloves of the Pits of Slime {MR+ Slay+3}
MR       +....                  (no boots)
Stlth    ..........             e - amulet of guardian spirit
HPRegen  0.24/turn              o - ring of poison resistance
MPRegen  0.14/turn              u - ring of stealth

@: confused, very slow
A: retaliatory headbutt, horns 2
a: Heroism, Finesse, Renounce Religion


You were on level 9 of the Dungeon.
You worshipped Okawaru.
Okawaru was extremely pleased with you.
You were not hungry.

You visited 1 branch of the dungeon, and saw 9 of its levels.

You collected 395 gold pieces.
You spent 186 gold pieces at shops.

Inventory:

Hand Weapons
 a - a +4 war axe of freezing (weapon)
 A - the +4 dagger of Nikhumoa {drain, rF+ Str+3 Dex+2}
   (You found it on level 5 of the Dungeon)

   A truly terrible weapon, it drains the life of those it strikes.
   It affects your strength (+3).
   It affects your dexterity (+2).
   It protects you from fire.
Missiles
 B - a throwing net (quivered)
Armour
 c - a +0 shield (worn)
 H - a +0 cloak (worn)
 I - a +0 plate armour (worn)
 M - the +2 pair of gloves of the Pits of Slime (worn) {MR+ Slay+3}
   (You found it on level 8 of the Dungeon)

   It affects your accuracy and damage with ranged weapons and melee attacks
   (+3).
   It affects your resistance to hostile enchantments.
 R - a scarf of resistance
Jewellery
 e - an amulet of guardian spirit (around neck)
 o - a ring of poison resistance (left hand)
 u - a ring of stealth (right hand)
 G - a +2 ring of intelligence
Wands
 b - a wand of disintegration (9)
 p - a wand of flame (22)
 s - a wand of scattershot (7)
 y - a wand of digging (15)
 C - a wand of iceblast (10)
Scrolls
 g - 5 scrolls of remove curse
 l - 2 scrolls of fear {unknown}
 q - 2 scrolls of magic mapping {unknown}
 r - 3 scrolls of amnesia {unknown}
 t - 2 scrolls of immolation {unknown}
 z - 14 scrolls of identify
 D - a scroll of enchant armour {unknown}
 E - 2 scrolls of teleportation
 J - a scroll of random uselessness {unknown}
 K - a scroll of acquirement {unknown}
 L - a scroll of blinking
Potions
 d - 2 potions of might
 h - a potion of magic {unknown}
 i - 3 potions of mutation {unknown}
 j - 2 potions of cancellation {unknown}
 k - a potion of degeneration {unknown}
 m - 2 potions of curing {unknown}
 n - 3 potions of haste {unknown}
 v - 3 potions of flight {unknown}
 w - 2 potions of ambrosia {unknown}
 x - a potion of agility {unknown}
 F - 2 potions of heal wounds {unknown}
 P - a potion of lignification {unknown}
Books
 N - a book of Frost

   Spells                             Type                      Level
   a - Freeze                         Ice                          1
   b - Throw Frost                    Conjuration/Ice              2
   c - Ozocubu's Armour               Charms/Ice                   3
   d - Throw Icicle                   Conjuration/Ice              4
   e - Summon Ice Beast               Ice/Summoning                4
 O - a book of Maledictions

   Spells                             Type                      Level
   a - Corona                         Hexes                        1
   b - Ensorcelled Hibernation        Hexes/Ice                    2
   c - Confuse                        Hexes                        3
   d - Tukima's Dance                 Hexes                        3
   e - Dazzling Spray                 Conjuration/Hexes            3
Comestibles
 f - 19 rations
 Q - 6 chunks of flesh


   Skills:
 + Level 8.0 Fighting
 + Level 9.2 Axes
 + Level 7.9 Armour
 + Level 6.2 Dodging
 + Level 7.8 Shields
 * Level 8.2 Invocations


You had 9 spell levels left.
You didn't know any spells.

Dungeon Overview and Level Annotations

Branches:
Dungeon (9/15)             Temple (0/1) D:4
   Lair: D:8-11         Orc: D:9-12

Altars:
Elyvilon
Fedhas
Gozag
Hepliaklqana
Kikubaaqudgha
Makhleb
Okawaru
Ru
Trog
Uskayaw
Wu Jian
The Shining One

Shops:
D:4 (   D:7 ?*(


Innate Abilities, Weirdness & Mutations

You reflexively headbutt those who attack you in melee.
You have a pair of horns on your head.


Message History

a ring mail; an animal skin; a human corpse
Things that are here:
a whip; a scale mail; a ring mail
Items here: ))) [[ a war axe; a dagger; a robe; a war axe; a ring mail
Items here: ( )) [ a dagger; a robe; an uncursed shortbow; 11 arrows You are confused.
You're too confused to move!
You hear some strange, mumbled words.
An orb of energy appears from out of thin air!
The orb of energy hits you!
* * * LOW HITPOINT WARNING * * *
The orb of energy explodes!
You enter the shallow water.
Moving in this stuff is going to be slow.
You hear some strange, mumbled words.
An orb of energy appears from out of thin air!
The orb of energy hits you!
You die...

#. # #.# ##.# #.#
###...### #.#
#≈≈...≈≈# #.#
##≈..♣..≈####### # #.#
##..........){).#
#.##.#
#...♣._.♣...###[#
#....# #..........##
#)# ####.# #≈..♣..@##
#.# #.#
#≈≈...≈≈#####)######.#
###...####...).......#
##.## #............#
####.####..##.########
#...p(.[[.....#
#.#######..#### # #..#
#..#


There were no monsters in sight!

Vanquished Creatures
  A two-headed ogre (D:8)
  The ghost of sefi the Sneak, a journeyman GrIE of Okawaru (D:9)
  Pikel (D:9)
  A hippogriff (D:8)
  A steam dragon (D:8)
  A warg (D:9)
  4 black bears
  An orc warrior (D:8)
  2 ice beasts (D:5)
  A slave (D:9)
  3 phantoms
  3 ogres
  3 centaurs
  5 bullfrogs
  A water moccasin zombie (D:5)
  3 scorpions
  A water moccasin skeleton (D:8)
  11 killer bees
  9 wights
  4 howler monkeys
  A crimson imp (D:7)
  A centaur zombie (D:8)
  A bullfrog zombie (D:5)
  3 orc priests (D:9)
  2 hounds
  2 jellies
  An iguana (D:7)
  6 orc wizards
  6 worker ants
  2 hound zombies
  2 hound skeletons (D:5)
  7 gnolls (D:4)
  A howler monkey skeleton (D:6)
  9 adders
  3 oozes
  2 adder skeletons
  A worm (D:3)
  4 dart slugs (D:1)
  3 leopard geckos
  28 orcs
  6 ball pythons
  3 bats
  A giant cockroach (D:2)
  6 goblins (D:1)
  14 hobgoblins
  12 jackals
  3 quokkas
  A ball python zombie (D:5)
  5 frilled lizards
  A jackal zombie (D:7)
  8 kobolds
  A leopard gecko skeleton (D:4)
  6 rats
209 creatures vanquished.

Vanquished Creatures (others)
  2 slaves (D:9)
  An orc wizard (D:9)
  An orc (D:9)
  A quokka (D:9)
5 creatures vanquished.

Grand Total: 214 creatures vanquished

Notes
Turn   | Place    | Note
-------+----------+-------------------------------------------
     0 | D:1      | wojtek the Minotaur Fighter began the quest for the Orb.
     0 | D:1      | Reached XP level 1. HP: 19/19 MP: 0/0
    78 | D:1      | Reached skill level 3 in Axes
    86 | D:1      | Reached XP level 2. HP: 13/26 MP: 1/1
   314 | D:1      | Reached skill level 4 in Axes
   529 | D:1      | Reached XP level 3. HP: 31/31 MP: 2/2
   955 | D:2      | Reached skill level 5 in Axes
  1178 | D:2      | Reached XP level 4. HP: 37/39 MP: 3/3
  1182 | D:2      | Found an opulent altar of Gozag.
  1494 | D:3      | Found a sacrificial altar of Ru.
  1608 | D:3      | Found an iron altar of Okawaru.
  1615 | D:3      | Became a worshipper of Warmaster Okawaru
  1814 | D:4      | You fall through a shaft for 2 floors!
  1826 | D:6      | Reached skill level 6 in Axes
  1826 | D:6      | Reached XP level 5. HP: 37/46 MP: 4/4
  1928 | D:6      | Noticed a black bear
  1929 | D:6      | Found a bloodstained altar of Trog.
  1929 | D:6      | Noticed a black bear
  1937 | D:6      | Killed a black bear
  1937 | D:6      | Reached skill level 1 in Dodging
  1937 | D:6      | Reached skill level 1 in Invocations
  1938 | D:6      | Killed a black bear
  1938 | D:6      | Reached * piety under Okawaru
  1938 | D:6      | Reached XP level 6. HP: 32/52 MP: 3/6
  2086 | D:5      | Entered Level 5 of the Dungeon
  2086 | D:5      | Noticed an ice beast
  2096 | D:5      | Killed an ice beast
  2096 | D:5      | Reached XP level 7. HP: 47/60 MP: 5/8
  2137 | D:5      | Reached ** piety under Okawaru
  2823 | D:5      | Got an ivory dagger
  2945 | D:5      | Identified the +4 dagger of Nikhumoa {drain, rF+ Str+3 Dex+2} (You found it on level 5 of the Dungeon)
  2993 | D:5      | Reached skill level 5 in Armour
  3086 | D:5      | Reached skill level 5 in Fighting
  3110 | D:5      | Found a burning altar of Makhleb.
  3212 | D:4      | Found Oterrech's Antique Weapon Shop.
  3359 | D:4      | Reached skill level 7 in Axes
  3359 | D:4      | Reached skill level 5 in Shields
  3359 | D:4      | Reached XP level 8. HP: 46/68 MP: 7/10
  3855 | D:4      | Found a staircase to the Ecumenical Temple.
  4133 | D:4      | Found an ancient bone altar of Kikubaaqudgha.
  4663 | D:6      | Got a colourful robe
  4674 | D:6      | Identified the +1 robe of Nobility {+Fly Int-2 Dex+5 Slay-4} (You found it on level 6 of the Dungeon)
  4968 | D:7      | Found Edytusin's General Store.
  4982 | D:7      | Reached *** piety under Okawaru
  4982 | D:7      | Reached skill level 5 in Invocations
  5008 | D:7      | Found a burning altar of Makhleb.
  5058 | D:7      | Found Peirphuca's Magic Scroll Boutique.
  5068 | D:7      | Bought a scroll of teleportation for 36 gold pieces
  5068 | D:7      | Bought a scroll of identify for 24 gold pieces
  5068 | D:7      | Bought a scroll of remove curse for 36 gold pieces
  5068 | D:7      | Bought a scroll of blinking for 90 gold pieces
  5296 | D:7      | Noticed a hand axe
  5297 | D:7      | Found a hide-covered altar of Uskayaw.
  5298 | D:7      | Noticed a hand axe
  5300 | D:7      | Reached XP level 9. HP: 75/75 MP: 12/12
  5309 | D:7      | Found Catir's Weapon Shop.
  6036 | D:8      | Got a pair of faintly humming gloves
  6042 | D:8      | Identified the +2 pair of gloves of the Pits of Slime {MR+ Slay+3} (You found it on level 8 of the Dungeon)
  6061 | D:8      | Found a blossoming altar of Fedhas.
  6061 | D:8      | Found an ornate altar of the Wu Jian Council.
  6064 | D:8      | Found an opulent altar of Gozag.
  6064 | D:8      | Found a glowing golden altar of the Shining One.
  6064 | D:8      | Found a hazy altar of Hepliaklqana.
  6077 | D:8      | Reached skill level 8 in Axes
  6081 | D:8      | Reached **** piety under Okawaru
  6339 | D:8      | Noticed a two-headed ogre
  6345 | D:8      | Killed a two-headed ogre
  6345 | D:8      | Reached ***** piety under Okawaru
  6345 | D:8      | Reached skill level 5 in Dodging
  6510 | D:8      | Reached XP level 10. HP: 81/86 MP: 12/14
  6820 | D:9      | Noticed sefi's ghost (journeyman GrIE)
  6836 | D:9      | Killed sefi's ghost
  6985 | D:9      | Found a white marble altar of Elyvilon.
  7038 | D:9      | Reached skill level 9 in Axes
  7053 | D:9      | Noticed Pikel
  7059 | D:9      | Killed Pikel
  7059 | D:9      | Received a gift from Okawaru
  7127 | D:9      | Killed from afar by Erica

Skill      XL: |  1  2  3  4  5  6  7  8  9 10 |
---------------+-------------------------------+-----
Axes           | 3 4 5 6 7 8 9 |  9.2
Fighting       | 4 5 6 7 8 |  8.0
Armour         | 4 5 6 7 |  7.9
Dodging        | 1 2 3 4 5 6 |  6.2
Shields        | 4 5 6 7 |  7.8
Invocations    | 2 4 5 7 8 |  8.2

Action                   |  1- 3 |  4- 6 |  7- 9 | 10-12 || total
-------------------------+-------+-------+-------+-------++-------
Melee: War axe           |    99 |    54 |   328 |   101 ||   582
       Headbutt          |    11 |     9 |    58 |    14 ||    92
  Use: Scroll            |       |       |     1 |       ||     1
  Eat: Chunk             |     1 |     3 |    14 |     3 ||    21
Armor: Scale mail        |    41 |    23 |    53 |       ||   117
       Plate armour      |       |       |    50 |    78 ||   128
Dodge: Dodged            |    26 |    24 |   100 |    26 ||   176
Block: Shield            |    54 |    35 |   182 |    80 ||   351
